AoeStats
← santyguasta

Arabia

508567584Analyzed
1v1 RM · 8d ago on Sep 23, 2026· 18m 41s· 2 players
Game mode
Random Map
Map size
Tiny (2 player)
Population
200
Speed
Normal
Resources
Standard
Victory
Conquest
Starting age
Dark Age
Ending age
Imperial Age
RankedLock teamsTeams togetherTeam positionsShared explorationLock speedFull tech treeHidden civsTurbo modeCheats
Victory
Defeat
🇨🇱 Franks · Chile
628
+16
🇦🇷 Vietnamese · Argentina
622
-29
santyguasta
13:01 Feudal Age
13:28 Horse Collar
16:18 Wheelbarrow
WanaxOdiseo
6:36 Loom
11:54 Feudal Age
13:22 Double-Bit Axe
17:52 Scale Barding Armor
17:58 Forging
Connection lost

Rejoining the realm…

Still unreachable

The connection could not be restored.

Session expired

The server has moved on; the page needs a fresh start.